Map: Ruins of Seras

Players

Nerchio - Winner!

  • Race: Zerg Zerg
  • League: Grandmaster

MMA

  • Race: Terran Terran

Event: Homestory Cup XII

VOD

Have the link to the VOD?

Description

Time

  • Played on: Dec. 20, 2015, 10:39 a.m.
  • Length: 4:48

All games in this series

Show
View Real Time Build Order
Export as new Build Order

Nerchio Zerg - Winner!

Build Orders: Hatch First, Roach Nydus 

Get SALT Encoding   

  12  0:00  Drone  
  13  0:12  Overlord  
  13  0:17  Drone  
  14  0:31  Drone x2  
  14  0:34  Drone  
  17  0:54  Hatchery  
  17  0:56  Drone  
  17  0:59  Drone  
  18  1:14  Spawning Pool  
  18  1:17  Drone  
  18  1:20  Drone  
  18  1:25  Extractor  
  18  1:28  Drone  
  19  1:38  Overlord  
  19  2:01  Zergling x4, Queen  
  22  2:06  Zergling x2, Queen  
  26  2:12  Drone  
  27  2:17  Drone  
  28  2:23  Drone  
  28  2:28  Drone  
  30  2:32  Drone  
  31  2:42  Lair  
  31  2:44  Drone x2  
  33  2:52  Overlord  
  33  2:54  Drone  
  33  2:56  Extractor, Queen  
  35  3:00  Drone  
  36  3:11  Drone x5  
  41  3:14  Overlord  
  41  3:22  Roach Warren  
  40  3:28  Drone x2  
  40  3:32  Overlord  
  42  3:43  Nydus Network  
  41  3:49  Queen  
  41  3:54  Overlord  
  43  4:02  Roach  
  45  4:03  Roach x4  
  45  4:06  Roach x2  
  57  4:22  Nydus Canal  
  57  4:28  Overlord, Roach  
Show
View Real Time Build Order
Export as new Build Order

MMA Terran 

Build Orders: Command Center First (CC) 

Get SALT Encoding   

  12  0:00  SCV  
  13  0:12  SCV  
  14  0:17  Supply Depot  
  14  0:25  SCV  
  15  0:39  SCV  
  16  0:51  SCV  
  17  1:00  Command Center  
  17  1:04  SCV  
  17  1:11  Refinery  
  18  1:16  SCV  
  19  1:23  Barracks  
  19  1:28  SCV  
  20  1:40  SCV  
  21  1:53  SCV  
  22  2:10  Marine, Orbital Command  
  22  2:11  Factory  
  22  2:12  Orbital Command  
  23  2:23  Bunker  
  23  2:30  Barracks Reactor  
  23  2:36  SCV  
  24  2:38  SCV  
  25  2:48  SCV  
  25  2:50  SCV  
  27  2:55  Supply Depot  
  27  3:00  SCV  
  27  3:03  SCV  
  29  3:09  Starport  
  29  3:10  Hellion x2  
  29  3:12  SCV  
  33  3:15  SCV, Barracks Tech Lab  
  33  3:19  Supply Depot  
  34  3:24  SCV  
  36  3:27  SCV  
  36  3:30  Command Center  
  36  3:36  Hellion x2  
  36  3:39  SCV x2  
  42  3:51  SCV x2  
  42  3:55  Refinery  
  46  3:57  Refinery  
  46  4:03  Barracks Tech Lab  
  46  4:08  SCV x2  
  47  4:11  Widow Mine  
  49  4:21  SCV x2  
  53  4:27  Supply Depot  
  53  4:28  Supply Depot  
  53  4:30  Supply Depot  
  53  4:33  Engineering Bay  
Tags
 
Add a new tag
Caveats
  • Supply blocks, unpowered buildings, or Contaminate may cause inaccurate times.
  • Supply counts are checked every 10 seconds.